 Dungeon Crawl Stone Soup version 0.24.0-13-gcf9b319 (webtiles) character file.

Game seed: 16793772347535323098, levelgen mode: deterministic

18 Doobh the Insei (level 2, 7/21 HPs)
             Began as a Demonspawn Transmuter on Dec 30, 2019.
             Got out of the dungeon alive.
             The game lasted 00:03:41 (996 turns).

Doobh the Insei (Demonspawn Transmuter)              Turns: 996, Time: 00:03:42

Health: 7/21       AC:  2    Str: 10    XL:     2   Next: 48%
Magic:  5/5        EV: 12    Int: 14    God:
Gold:   13         SH:  0    Dex: 13    Spells: 4/5 levels left

rFire    . . .     SeeInvis .     - Unarmed
rCold    + . .     Gourm    .   (no shield)
rNeg     . . .     Faith    .   b - +0 robe
rPois    .         Spirit   .   (no helmet)
rElec    .         Reflect  .   (no cloak)
rCorr    .         Harm     .   (no gloves)
MR       .....                  (no boots)
Stlth    +.........             (no amulet)
HPRegen  0.07/turn              (no ring)
MPRegen  0.09/turn              (no ring)

@: no status effects
A: cold resistance 1
a: no special abilities


You escaped.
You were hungry.

You visited 1 branch of the dungeon, and saw 1 of its levels.

You collected 13 gold pieces.

Inventory:

Missiles
 a - 12 arrows
Armour
 b - a +0 robe (worn)
Scrolls
 c - 2 scrolls of identify {unknown}
 e - a scroll of fog {unknown}
 g - a scroll of enchant weapon {unknown}
Comestibles
 d - 2 rations
 f - 2 chunks of flesh


   Skills:
 + Level 1.2 Fighting
 + Level 0.4 Armour
 + Level 1.9 Dodging
 + Level 0.4 Stealth
 + Level 2.7 Unarmed Combat
 * Level 2.3 Spellcasting
 + Level 1.9 Transmutations


You had 4 spell levels left.
You knew the following spells:

 Your Spells              Type           Power        Failure   Level  Hunger
a - Beastly Appendage     Tmut           #.....       11%         1    #......

Your spell library contained the following spells:

 Spells                   Type           Power        Failure   Level  Hunger
 Sticks to Snakes         Tmut           #.......     16%         2    ###....
 Spider Form              Tmut/Pois      #.........   43%         3    ###....
 Ice Form                 Ice/Tmut       #.......     83%         4    #####..
 Blade Hands              Tmut           #.........   96%         5    ######.


Dungeon Overview and Level Annotations

Branches:
Dungeon (1/15)

Altars:


Innate Abilities, Weirdness & Mutations

Your flesh is cold resistant. (rC+)


Message History

You closely miss the bat. The bat closely misses you. The bat hits you.
* * * LOW HITPOINT WARNING * * *
You closely miss the bat. You claw the bat.
The bat is severely wounded.
The bat barely misses you.
You hit the bat.
You kill the bat!
Your transformation is almost over.
Your talons disappear.
The goblin hits you with a cursed +0 dagger.
* * * LOW HITPOINT WARNING * * *
You see here a bat corpse.
You are feeling hungry.
A kobold comes into view.
There is a staircase leading out of the dungeon here.
You can't go down here!
Are you sure you want to leave the Dungeon?
This will make you lose the game!
Uppercase [Y]es or [N]o only, please.
Are you sure you want to leave the Dungeon?
This will make you lose the game!
You have escaped!

..#
#...##.######.....####.
..# #.....>....###...##
#. ..#
#...##.###.###..######.
..#
######.................
.## ##########.######÷ .#
#.# #. .# #.######. .#
##### #........ ##
####8@8#### #.#######
########
##)...g....####.#.##
...g...#
#8....g....8#.#....##
######.#
#...........##......##
#.#
#8.........8#÷.........
#### #.#
###.........###......###
...# #.#
#...................##
##.#
#g#.##..#.##.####.#....##
#.# #.#..........#
####.###


You could see a hobgoblin and a goblin.

Vanquished Creatures
  A giant cockroach (D:1)
  3 hobgoblins (D:1)
  4 jackals (D:1)
  2 bats (D:1)
  3 frilled lizards (D:1)
  A goblin (D:1)
  2 kobolds (D:1)
  2 rats (D:1)
18 creatures vanquished.

Notes
Turn   | Place    | Note
-------+----------+-------------------------------------------
     0 | D:1      | Doobh the Demonspawn Transmuter began the quest for the
                  | Orb.
     0 | D:1      | Reached XP level 1. HP: 15/15 MP: 3/3
   454 | D:1      | Gained mutation: Your flesh is cold resistant. (rC+)
                  | [demonic ancestry]
   454 | D:1      | Reached XP level 2. HP: 17/21 MP: 3/5
   996 | D:$      | Got out of the dungeon alive.

Levels and vault maps discovered:
D:1:      mrwooster_arrival_statue_2, layout_loops_corners,
          serial_bayou_lagoon_a, st_stairs_8, ebering_dispersal_statue_hall

Action                   || total
-------------------------++-------
Melee: Unarmed           ||    71
       Kick              ||     4
       Headbutt          ||     3
 Cast: Beastly Appendage ||    12
 Stab: Sleeping          ||     1
Armor: Robe              ||    29
Dodge: Dodged            ||    65
